 Dungeon Crawl Stone Soup version 0.21.1-1-g345015f (webtiles) character file.

300 Iko the Chopper (level 6, 0/53 HPs)
             Began as a Gnoll Chaos Knight on May 5, 2018.
             Slain by a bullfrog (4 damage)
             ... on level 6 of the Dungeon.
             The game lasted 00:06:03 (545 turns).

Iko the Chopper (Gnoll Chaos Knight)                 Turns: 545, Time: 00:06:03

Health: 0/53       AC: 11    Str: 15    XL:     6   Next: 36%
Magic:  8/8        EV: 10    Int: 15    God:    Xom [..*...]
Gold:   87         SH:  8    Dex: 15    Spells: 8/8 levels left

rFire    . . .     SeeInvis .   a - +0 hand axe (chaos)
rCold    . . .     Gourm    .   e - +0 shield
rNeg     . . .     Faith    .   b - +2 leather armour
rPois    .         Spirit   .   (no helmet)
rElec    .         Reflect  .   d - +0 cloak
rCorr    .         Harm     .   (no gloves)
MR       .....                  (no boots)
Stlth    ++........             (no amulet)
HPRegen  0.17/turn              f - +5 ring of protection
MPRegen  0.11/turn              (no ring)

@: no status effects
A: distributed training, fangs 1, strong nose
a: Renounce Religion


You were on level 6 of the Dungeon.
You worshipped Xom.
You were a toy of Xom.
You were not hungry.

You visited 1 branch of the dungeon, and saw 6 of its levels.

You collected 87 gold pieces.

Inventory:

Hand Weapons
 a - a +0 hand axe of chaos (weapon)
Armour
 b - a +2 leather armour (worn)
 d - a +0 cloak (worn)
 e - a +0 shield (worn)
Jewellery
 f - a +5 ring of protection (left hand)
Comestibles
 c - 3 rations


   Skills:
 + Level 6.8 Fighting
 + Level 1.9 Short Blades
 + Level 1.9 Long Blades
 + Level 6.8 Axes
 + Level 1.9 Maces & Flails
 + Level 1.9 Polearms
 + Level 1.9 Staves
 + Level 1.9 Slings
 + Level 1.9 Bows
 + Level 1.9 Crossbows
 + Level 1.9 Throwing
 + Level 4.9 Armour
 + Level 3.2 Dodging
 + Level 1.9 Stealth
 + Level 1.9 Shields
 + Level 1.9 Unarmed Combat
 + Level 1.9 Spellcasting
 + Level 1.5 Conjurations
 + Level 1.5 Hexes
 + Level 1.5 Charms
 + Level 1.5 Summonings
 + Level 1.5 Necromancy
 + Level 1.5 Translocations
 + Level 1.5 Transmutations
 + Level 1.5 Fire Magic
 + Level 1.5 Ice Magic
 + Level 1.5 Air Magic
 + Level 1.5 Earth Magic
 + Level 1.5 Poison Magic
 + Level 2.1 Invocations
 + Level 1.9 Evocations


You had 8 spell levels left.
You didn't know any spells.

Dungeon Overview and Level Annotations

Branches:
Dungeon (6/15)
 Temple: D:4-7

Altars:
Gozag


Innate Abilities, Weirdness & Mutations

Your experience applies equally to all skills.
You have very sharp teeth.
Your uncanny sense of smell can sniff out nearby items.


Message History

You block the bullfrog's attack.
The bullfrog hits you but does no damage.
You closely miss the bullfrog.
The bullfrog is lightly wounded.
Xom's power touches on you for a moment.
A wave of violent energy washes through your body!
* * * LOW HITPOINT WARNING * * *
The bullfrog hits you but does no damage.
You hit the bullfrog. You freeze the bullfrog.
The bullfrog is moderately wounded.
You block the bullfrog's attack.
The bullfrog hits you but does no damage.
You completely miss the bullfrog. Your bite misses the bullfrog.
The bullfrog is moderately wounded.
You block the bullfrog's attack.
You closely miss the bullfrog.
The bullfrog is moderately wounded.
The bullfrog hits you.
You die...
Xom snickers!

#.### #....
∆ ####. #..
#.## #.# .
#..# #.# ...
#..# #.#
#....######
#..# #.#
#.....F@..#
#..# #.#
.../.####.#
#).# #.# ...
#.#####..###
#.# #
#..........#
#.#
#######..#.#
#.# ∆∆
#..#.###.#
#..#..(..#
...##.....
...###.####


You could see a bullfrog.

Vanquished Creatures
  A centaur (D:6)
  A crimson imp (D:5)
  A quasit (D:6)
  A centaur skeleton (D:6)
  A jelly (D:6)
  Ijyb (D:3)
  A worker ant zombie (D:5)
  A howler monkey skeleton (D:6)
  2 adders
  An adder zombie (D:6)
  A worm (D:3)
  A leopard gecko (D:5)
  An orc (D:3)
  A giant cockroach (D:3)
  4 jackals (D:5)
  A quokka (D:2)
  A kobold (D:1)
  A rat (D:3)
22 creatures vanquished.

Vanquished Creatures (collateral kills)
  A hound zombie (D:6)
1 creature vanquished.

Grand Total: 23 creatures vanquished

Notes
Turn   | Place    | Note
-------+----------+-------------------------------------------
     0 | D:1      | Iko the Gnoll Chaos Knight began the quest for the Orb.
     0 | D:1      | Reached XP level 1. HP: 23/23 MP: 1/1
    72 | D:3      | Noticed Ijyb
    77 | D:3      | XOM: potion effect (agility)
    87 | D:3      | Reached XP level 2. HP: 29/29 MP: 2/2
   118 | D:3      | Killed Ijyb
   118 | D:3      | Reached XP level 3. HP: 35/35 MP: 2/4
   119 | D:3      | Found an opulent altar of Gozag.
   144 | D:3      | Reached skill level 1 in Invocations
   170 | D:3      | XOM: divination: detect items
   290 | D:5      | Entered Level 5 of the Dungeon
   303 | D:5      | Reached skill level 1 in Short Blades
   303 | D:5      | Reached skill level 1 in Long Blades
   303 | D:5      | Reached skill level 1 in Maces & Flails
   303 | D:5      | Reached skill level 1 in Polearms
   303 | D:5      | Reached skill level 1 in Staves
   303 | D:5      | Reached skill level 1 in Slings
   303 | D:5      | Reached skill level 1 in Bows
   303 | D:5      | Reached skill level 1 in Crossbows
   303 | D:5      | Reached skill level 1 in Throwing
   303 | D:5      | Reached skill level 1 in Stealth
   303 | D:5      | Reached skill level 1 in Shields
   303 | D:5      | Reached skill level 1 in Unarmed Combat
   303 | D:5      | Reached skill level 1 in Spellcasting
   303 | D:5      | Reached skill level 1 in Evocations
   303 | D:5      | Reached XP level 4. HP: 28/41 MP: 5/5
   324 | D:5      | Reached skill level 1 in Conjurations
   324 | D:5      | Reached skill level 1 in Hexes
   324 | D:5      | Reached skill level 1 in Charms
   324 | D:5      | Reached skill level 1 in Summonings
   324 | D:5      | Reached skill level 1 in Necromancy
   324 | D:5      | Reached skill level 1 in Translocations
   324 | D:5      | Reached skill level 1 in Transmutations
   324 | D:5      | Reached skill level 1 in Fire Magic
   324 | D:5      | Reached skill level 1 in Ice Magic
   324 | D:5      | Reached skill level 1 in Air Magic
   324 | D:5      | Reached skill level 1 in Earth Magic
   324 | D:5      | Reached skill level 1 in Poison Magic
   367 | D:6      | Reached XP level 5. HP: 42/47 MP: 6/6
   386 | D:6      | XOM: potion effect (heal wounds)
   388 | D:6      | XOM: cast spell 'Summon Ice Beast'
   489 | D:6      | Noticed a centaur
   494 | D:6      | XOM: mild Erth miscast
   499 | D:6      | Killed a centaur
   499 | D:6      | Reached XP level 6. HP: 22/53 MP: 8/8
   542 | D:6      | XOM: mild Conj miscast
   545 | D:6      | Slain by a bullfrog

Skill      XL: |  1  2  3  4  5 |
---------------+----------------+-----
Invocations    | 1 2 |  2.1
Short Blades   | 1 |  1.9
Long Blades    | 1 |  1.9
Maces & Flails | 1 |  1.9
Polearms       | 1 |  1.9
Staves         | 1 |  1.9
Slings         | 1 |  1.9
Bows           | 1 |  1.9
Crossbows      | 1 |  1.9
Throwing       | 1 |  1.9
Stealth        | 1 |  1.9
Shields        | 1 |  1.9
Unarmed Combat | 1 |  1.9
Spellcasting   | 1 |  1.9
Evocations     | 1 |  1.9
Conjurations   | 1 |  1.5
Hexes          | 1 |  1.5
Charms         | 1 |  1.5
Summonings     | 1 |  1.5
Necromancy     | 1 |  1.5
Translocations | 1 |  1.5
Transmutations | 1 |  1.5
Fire Magic     | 1 |  1.5
Ice Magic      | 1 |  1.5
Air Magic      | 1 |  1.5
Earth Magic    | 1 |  1.5
Poison Magic   | 1 |  1.5
Dodging        | 3 |  3.2
Fighting       | |  6.8
Axes           | |  6.8
Armour         | |  4.9

Action                   |  1- 3 |  4- 6 || total
-------------------------+-------+-------++-------
Melee: Hand axe          |    45 |    62 ||   107
       Bite              |     7 |     8 ||    15
  Use: Scroll            |     2 |       ||     2
       Potion            |     1 |     3 ||     4
 Stab: Petrified         |     9 |       ||     9
       Petrifying        |     1 |       ||     1
       Paralysed         |       |     1 ||     1
Armor: Leather armour    |     3 |    24 ||    27
Dodge: Dodged            |    22 |    19 ||    41
Block: Shield            |     2 |    27 ||    29
